[Event "GER-ch Youth-U18 2022"]
[Site "Willingen"]
[Date "2022.06.05"]
[Round "2.5"]
[White "Mankel, Luca"]
[Black "Colbow, Collin"]
[Result "0-1"]
[ECO "E11"]
[WhiteElo "2010"]
[BlackElo "2360"]
[Annotator "TA"]
[PlyCount "106"]
[EventDate "2022.06.05"]
[EventType "swiss"]
[EventRounds "9"]
[EventCountry "GER"]
[SourceTitle "playchess.com"]
[Source "ChessBase"]
[SourceQuality "1"]
[TimeControl "40/4500+30:900+30"]

1. d4 Nf6 2. c4 e6 3. Nf3 Bb4+ 4. Nbd2 b6 5. a3 Bxd2+ 6. Qxd2 Bb7 7. e3 d6 8. Be2 O-O 9. O-O Nbd7 10. b4 Qe7 11. Bb2 Ne4 12. Qc2 f5 13. d5 {[%emt 0:02:08] E14: Queen's Indian: Classical Variation (4 e3).} exd5 14. cxd5 Ndf6 15. Nd4 ({White should try} 15. Rac1 $16) 15... Nxd5 $11 {[%emt 0:16:57] [#]} 16. Bc4 $146 {[%emt 0:09:22] Strongly threatening Qb3. A strong pair of Bishops.} ({Predecessor:} 16. f3 Ng5 17. Bc4 Rf7 18. Nxf5 Qd7 19. e4 b5 20. Bb3 Kf8 21. h4 Rxf5 22. hxg5 {1-0 (28) Korobov,A (2693)-Zochowski,K (2120) Wroclaw 2014}) 16... Kh8 17. Bxd5 (17. Ne2 $11) 17... Bxd5 $15 18. f3 c5 $1 19. fxe4 Bxe4 20. Nxf5 (20. Qd2 $142 cxd4 21. Qxd4) 20... Rxf5 $17 (20... Bxc2 $2 21. Nxe7 Bd3 22. Rfd1 $18) 21. Qc3 Qg5 $36 {[%emt 0:09:59][%csl Ge4][%cal Rg5g2][%mdl 2048] Black is in control.} 22. g3 Bf3 {[%emt 0:02:50] Black is more active.} (22... Rg8 $17 23. Rxf5 Qxf5) 23. Rf2 (23. Rad1 $15) 23... Raf8 $19 24. Raf1 Qg4 ({Black should play} 24... h5 $19 {White must now prevent ...d5.} 25. Qd2 d5) 25. Qd2 (25. Qd3 $142) 25... Qg6 $1 $17 26. bxc5 bxc5 (26... dxc5 $2 27. Rxf3 $1 Rxf3 28. Rxf3 Qb1+ 29. Bc1 $18) 27. Qa5 (27. Qd3 $17 Qe6 28. Qc3) 27... h5 $19 28. e4 R5f7 {[%emt 0:00:41] aiming for ...h4.} 29. e5 $2 (29. Qc3 {was forced.} Bxe4 30. Rxf7 Rxf7 31. Rxf7 Qxf7 32. h3) 29... h4 30. Qc3 {[%emt 0:00:06] [#]} (30. Qa4 $19 c4 31. Qxc4) 30... hxg3 $1 31. Rxf3 Rxf3 (31... Qh5 $142 32. h3 Rxf3 33. Rxf3 Rxf3 34. Kg2 Rxc3 35. Bxc3 Qe2+ 36. Kxg3 Qd3+ 37. Kh4 Qxc3 38. e6 Qe1+ 39. Kg5 c4 40. h4 c3 41. e7 Qxe7+ 42. Kf4 c2 43. h5 c1=Q+ 44. Kf3 Qee3+ 45. Kg4 Qc4+ 46. Kf5 Qce6#) 32. Rxf3 Rxf3 33. Qxf3 Qb1+ 34. Kg2 Qxb2+ 35. Kxg3 Qxe5+ {[%emt 0:00:04][%mdl 4096] Endgame KQ-KQ} 36. Kg4 (36. Kg2 $142 Kh7 37. Qd3+ Kh6 38. Qc4) 36... d5 $2 (36... c4 $19 {and Black stays clearly on top.} 37. Kh3 c3) 37. Qf8+ $17 Kh7 38. Qxc5 Qe4+ 39. Kg5 $2 (39. Kg3 $17) 39... Qg2+ $2 (39... d4 {...d3 is the strong threat.} 40. Qb4 Qe3+ 41. Kg4 d3) 40. Kf5 Qe4+ ({Weaker is} 40... Qxh2 41. Qxa7 Qc2+ 42. Kg4 $17) (40... a5 41. Qc6 Qe4+ 42. Kg5 Qe3+ 43. Kg4 Qe2+ 44. Kg3 Qe5+ 45. Kg4 Qe4+ 46. Kg5 a4) 41. Kg5 $19 Qg2+ $2 (41... d4 $19 {has better winning chances. And now ...d3 would win.} 42. Qb4 Qe3+ 43. Kg4 d3) 42. Kf5 $17 Qxh2 (42... g6+ $17 43. Kf6 Qf3+ 44. Kg5 Qh5+ 45. Kf6 Qh4+ 46. Ke6 Qe4+ 47. Kf6 Qf4+ 48. Ke6 d4) 43. Qxa7 $11 Qc2+ 44. Kg5 Qg6+ 45. Kf4 Qe4+ 46. Kg5 $2 {[%emt 0:00:00][%mdl 8192] [#]} (46. Kg3 $11) 46... d4 $1 $19 {[%emt 0:00:00] ( -> ...d3)} 47. Qd7 {[%emt 0:00:00] [#]} d3 $1 ({Wrong is} 47... Qg2+ $2 48. Kf4 $19) 48. a4 Qe3+ (48... Qf3 $142 49. Qd6 Qf6+ 50. Qxf6 gxf6+ 51. Kf5 d2 52. Ke6 d1=Q 53. a5 Qa4 54. a6 Qxa6+ 55. Kd5 f5 56. Kd4 f4 57. Kd5 f3 58. Ke4 f2 59. Kf5 f1=Q+ 60. Ke5 Qff6+ 61. Ke4 Qc4+ 62. Ke3 Qff4#) 49. Kg4 d2 $2 (49... Qe2+ $19 50. Kf4 Qf2+ 51. Kg4 Qe2+ 52. Kf4 Qf2+ 53. Kg4 d2 54. Qd3+ g6 55. Qh3+ Kg7 56. Qc3+ Kf7 57. Qb3+ Ke7 58. Qb7+ Ke6 59. Qc6+ Ke5 60. Qe8+ Kd4 61. Qd8+ Kc4 62. Qg8+ Kd3 63. Qxg6+ Ke2 64. Qe4+ Qe3 65. Qg2+ Qf2 66. Qe4+ Qe3 67. Qc4+ Kf2 68. Kf5 d1=Q 69. Qh4+ Kg1 70. Qg4+ Qxg4+ 71. Kxg4 Qe5 72. Kf3 Kf1 73. a5 Qxa5 74. Ke4 Kf2 75. Kd4 Qb5 76. Ke4 Qc5 77. Kd3 Qb4 78. Kc2 Ke3 79. Kc1 Kd3 80. Kd1 Qd2#) 50. Qf5+ $11 Kg8 (50... Kh8 51. Qh5+ Kg8 52. Qd5+ Kf8 53. Qd8+ Kf7 54. Qc7+ Kf6 55. Qd8+ Kg6 56. Qd6+ Kf7 57. Qc7+ Ke6 58. Qc8+ Kd6 59. Qb8+ Ke7 60. Qc7+ Kf6 61. Qd8+ Ke5 62. Qe7+ Kd4 63. Qb4+ Kd3 64. Qb3+ Ke2 65. Qb5+ Qd3 66. Qe8+ Kf1 67. Qf8+ Kg2 68. Qa8+ Kg1 69. Qa7+ Kf1 70. Qf7+ Ke1 71. Qe6+ Qe2+ 72. Qxe2+ Kxe2 73. Kf5 d1=Q 74. a5 Qd5+ 75. Kg6 Qxa5 76. Kh7 g5 77. Kh6 g4 78. Kg6 Qe5 79. Kf7 g3 80. Kf8 g2 81. Kg8 g1=Q+ 82. Kh7 Qh5#) 51. Qc8+ $2 (51. Qd5+ $11 Kf8 52. Qd8+ Kf7 53. Qd7+ Kf6 54. Qd8+ Ke5 55. Qe8+ Kd4 56. Qd7+ Kc4 57. Qb5+ Kc3 58. Qb1 Qd4+ 59. Kf3 d1=Q+ 60. Qxd1 Qxd1+ 61. Kf4 Qxa4+ 62. Kf5 Qe8 63. Kg4 Qe4+ 64. Kg3 Kd4 65. Kh2 Ke3 66. Kg1 Kf3 67. Kh2 Qc2+ 68. Kh3 Qh7#) 51... Kf7 {[%emt 0:00:02] Black mates.} 52. Qd7+ Kf6 53. Qd8+ Ke5 {[%emt 0:00:56] Weighted Error Value: White=1.13/Black=1.00} 0-1

[Event "GER-ch Youth-U18 2022"]
[Site "Willingen"]
[Date "2022.06.05"]
[Round "2.6"]
[White "Weishaeutel, Moritz"]
[Black "Muller, Magnus"]
[Result "1-0"]
[ECO "B10"]
[WhiteElo "2406"]
[BlackElo "1464"]
[Annotator "TA"]
[PlyCount "81"]
[EventDate "2022.06.05"]
[EventType "swiss"]
[EventRounds "9"]
[EventCountry "GER"]
[SourceTitle "playchess.com"]
[Source "ChessBase"]
[SourceQuality "1"]
[TimeControl "40/4500+30:900+30"]

1. e4 c6 2. Nc3 d5 3. Qf3 dxe4 4. Nxe4 Nf6 5. c3 Nxe4 6. Qxe4 {[%emt 0:00:00] B11: Caro-Kann: Two Knights Variation.} Qd5 {[%emt 0:00:00] [#]} 7. Bd3 $146 ({Predecessor:} 7. Qxd5 cxd5 8. d4 Bf5 9. Nf3 Nc6 10. Nh4 Bd7 11. f4 e6 12. Bd3 Bd6 13. O-O {½-½ (55) Torgersen,T (2263)-Rasmussen,E (2315) ICCF email 2019}) 7... Be6 8. Ne2 {[%emt 0:00:00][%cal Bg1e2,Be2f4,Bf4h3,Bh3f2][%mdl 32] The position is equal.} Qxe4 9. Bxe4 Bd5 10. d3 Nd7 11. Nf4 Bxe4 12. dxe4 Nc5 13. f3 e5 14. Nh3 O-O-O 15. Ke2 f6 16. Nf2 Be7 17. Be3 Kc7 18. Rhd1 b6 19. Nd3 (19. h4 {seems wilder.} a5 20. g3 b5 21. Rxd8 Rxd8 22. Rc1) 19... Nxd3 20. Rxd3 Rxd3 21. Kxd3 $11 {[%emt 0:00:05][%mdl 4096] Endgame KRB-KRB} Rd8+ 22. Ke2 c5 23. h4 Kc6 24. g4 c4 25. g5 Bc5 26. Bxc5 Kxc5 27. gxf6 gxf6 $14 {[%emt 0:00:04] KR-KR} 28. Rg1 {[%emt 0:00:05] Inhibits Rg8. Strongly threatening Rg7.} Rd7 {[%emt 0:00:11] Inhibits Rg7.} 29. Rg8 Rf7 30. h5 b5 31. h6 {[%emt 0:01:33] aiming for Rg7.} Kd6 {[%emt 0:01:17] [#]} 32. Ke3 (32. Rb8 $1 $16) 32... a5 {[%emt 0:04:29] Loses the game.} ({Black should try} 32... Rb7 $14) 33. Ra8 $18 a4 {[%emt 0:01:37] [#]} (33... Rb7 $142 34. Rxa5 Ke6) 34. Ra6+ $1 Kc5 35. a3 f5 36. exf5 {[%emt 0:00:09] And now Ke4 would win. White is clearly winning.} Rxf5 37. Ra7 Rh5 (37... Kd5 $142 38. Rxh7 Ke6) 38. Rxh7 Rh2 39. Rh8 Kb6 40. h7 {[%emt 0:00:48] Rb8+ would kill now.} Kc7 {[%emt 0:00:03] Inhibits Rb8.} 41. Ra8 {[%emt 0:15:08] Weighted Error Value: White=0.06 (flawless) /Black=0.26 (precise)} 1-0

[Event "GER-ch Youth-U18 2022"]
[Site "Willingen"]
[Date "2022.06.05"]
[Round "2.7"]
[White "Boder, Jan"]
[Black "Weidemann, Jakob"]
[Result "0-1"]
[ECO "A20"]
[WhiteElo "2334"]
[BlackElo "2047"]
[Annotator "TA"]
[PlyCount "92"]
[EventDate "2022.06.05"]
[EventType "swiss"]
[EventRounds "9"]
[EventCountry "GER"]
[SourceTitle "playchess.com"]
[Source "ChessBase"]
[SourceQuality "1"]
[TimeControl "40/4500+30:900+30"]

1. c4 e5 2. g3 c6 3. d4 e4 4. d5 cxd5 5. cxd5 Bb4+ 6. Nc3 {[%emt 0:00:00] A20: English Opening: 1...e5.} (6. Bd2 $14 Qe7 7. Qc2) 6... Nf6 $11 7. Qd4 Qa5 (7... Bxc3+ $11 8. bxc3 d6) 8. Bg5 {[%emt 0:03:08] [#]} (8. Bd2 $14) 8... Nxd5 $146 (8... Bxc3+ $15 {stays ahead.} 9. Qxc3 (9. bxc3 Nc6 $11) 9... Qxc3+ 10. bxc3 Nxd5) ({Predecessor:} 8... O-O 9. Bxf6 gxf6 10. Bg2 f5 11. Nh3 d6 12. O-O Nd7 13. Qd2 Qd8 14. a3 Ba5 {1-0 (26) Lalic,B (2527)-Csom,E (2145) Bergamo 2004}) 9. Qxg7 $16 ({Much weaker is} 9. Qxe4+ $6 Ne7 10. Bd2 d5 $15) 9... Rf8 (9... Bxc3+ $2 10. bxc3 Qxc3+ 11. Qxc3 Nxc3 12. Rc1 $18) 10. Bd2 Nc6 (10... Nxc3 $16 11. bxc3 Be7) 11. Rd1 ({White should play} 11. Nxe4 $18 {aiming for Nf3.} Bxd2+ 12. Nxd2) 11... Nxc3 $14 12. bxc3 Be7 13. Qxh7 (13. Bg2 $16) 13... d5 {[%emt 0:00:43] [#]} ({Better is} 13... Qe5 $1 $14) 14. Bh3 $1 $16 Bf6 (14... Be6 $16 {was necessary.}) 15. Bxc8 $18 Rxc8 16. Qf5 $1 Ke7 17. c4 Bc3 18. cxd5 Bxd2+ 19. Rxd2 Rfd8 20. Qxe4+ Kf8 {[%emt 0:01:44][%cal Oc6d4] And now ...Nd4! would win.} 21. Nf3 {[%emt 0:00:03][%mdl 8192] [#] Against Nd4. This move loses the game for White.} (21. Qh7 $16 {and life is bright.}) 21... Nd4 $1 22. O-O Nxf3+ {[%emt 0:00:10][%mdl 64] Remove Defender} 23. Qxf3 Qxd2 24. e4 Qc3 25. Qf4 Re8 26. d6 (26. Rd1 $142) 26... Re6 $19 27. d7 Rd8 28. Rc1 Qe5 29. Qh4 Rxd7 30. Rc8+ Re8 31. Qh6+ Kg8 32. Rxe8+ Qxe8 33. Qg5+ Kf8 34. Qh6+ {[%emt 0:01:26] [#]} Ke7 $1 35. h4 Kd8 36. Qf4 Qe6 37. h5 f6 38. h6 Qe5 39. Qg4 {[%emt 0:00:05] Prevents Rd1+.} Qg5 40. Qe6 Qxh6 41. Qg8+ Ke7 42. Qb3 {[%emt 0:00:00] Prevents Rd1+.} Qd2 43. Qa3+ Ke8 {[%emt 0:00:00] ( -> ...Qd1+)} 44. Qxa7 Qe1+ {[%emt 0:00:00] Black mates.} 45. Kh2 Rh7+ 46. Kg2 Qh1# {[%emt 0:00:00] Weighted Error Value: White=0.52/Black=0.22 (precise)} 0-1

[Event "GER-ch Youth-U18 2022"]
[Site "Willingen"]
[Date "2022.06.05"]
[Round "2.8"]
[White "Leonard, Timo"]
[Black "Pubantz, Jan"]
[Result "0-1"]
[ECO "D10"]
[WhiteElo "2018"]
[BlackElo "2265"]
[Annotator "TA"]
[PlyCount "70"]
[EventDate "2022.06.05"]
[EventType "swiss"]
[EventRounds "9"]
[EventCountry "GER"]
[SourceTitle "playchess.com"]
[Source "ChessBase"]
[SourceQuality "1"]
[TimeControl "40/4500+30:900+30"]

1. d4 d5 2. c4 c6 3. cxd5 cxd5 4. Bf4 Nf6 5. e3 Nc6 6. Nc3 Bg4 7. f3 Bd7 {[%emt 0:00:00] D10: Slav Defence: 3 cxd5 (without early Nf3) and 3 Nc3.} 8. Bd3 e6 9. g4 Be7 {[%emt 0:00:00] The position is equal.} 10. Nge2 O-O {[%emt 0:00:00] [#]} 11. Kf2 $146 ({Predecessor:} 11. h4 Ne8 12. Bg3 Nd6 13. Rc1 Nb4 14. Kf2 Nxd3+ 15. Qxd3 Rc8 16. h5 h6 17. Rc2 {1-0 (79) Yilmaz,M (2630)-Korchmar,V (2451) Chess.com INT 2020}) 11... Ne8 12. Rc1 Rc8 13. Bb1 Nd6 14. h4 Nc4 15. h5 Nb4 16. b3 Na3 17. Bd3 b5 18. Nb1 $1 Qa5 19. g5 (19. Nxa3 $11 Qxa3 20. Bb1) 19... Rxc1 $17 ({Don't do} 19... Nxa2 20. Rxc8 Rxc8 21. Nxa3 Qxa3 22. Qb1 $18) 20. Nxc1 Rc8 $1 21. Kg3 {[%emt 0:04:43] [#] Black continues to play with concentration.} ({Better is} 21. Ne2) 21... Rxc1 $1 22. Bxh7+ Kxh7 23. Qxc1 {[%emt 0:00:15] [#]} Nd3 $1 $36 {[%emt 0:01:17][%mdl 2048] Keeping White busy. Pair of Knights!} ({Resist} 23... Nxa2 24. Qb2 Nb4 25. Qxa3 Qxa3 26. Nxa3 $18) 24. Qf1 Nxf4 {[%emt 0:00:33] 0x0.00222c96128fdp-1022s more active pieces.} 25. exf4 Kg8 26. Nxa3 (26. h6 $17 {keeps fighting.} g6 27. Qe1 Qxe1+ 28. Rxe1) 26... Qxa3 $19 27. Qd3 Qd6 {[%emt 0:03:10] White must now prevent ...Bxg5.} ({Not} 27... Qxa2 28. h6 Bf8 29. Qc3 $17) 28. g6 {[%emt 0:01:29] And now gxf7+ would win.} Be8 29. gxf7+ Bxf7 30. h6 {[%emt 0:00:46] aiming for hxg7.} g5 31. h7+ (31. Qe3 $142) 31... Kh8 {[%emt 0:00:05] Dancing on a razor blade.} 32. Qc3 Qxf4+ 33. Kf2 $2 (33. Kg2 Qb8 34. Rc1 Kxh7 35. Qc7) 33... Bf8 34. Qd3 (34. Qc8 {might work better.} Qxd4+ 35. Kg3 Qe5+ 36. Kg2) 34... g4 {[%emt 0:00:40] Threatens to win with ...Bg7.} 35. Rh4 $2 (35. Qe3 $19 g3+ 36. Ke2) 35... g3+ {[%emt 0:00:17] Weighted Error Value: White=0.55/Black=0.15 (very precise)} 0-1

[Event "GER-ch Youth-U18 2022"]
[Site "Willingen"]
[Date "2022.06.05"]
[Round "2.9"]
[White "Dobrikov, Marco"]
[Black "Rohde, Niclas"]
[Result "1-0"]
[ECO "B90"]
[WhiteElo "2234"]
[BlackElo "1730"]
[Annotator "TA"]
[PlyCount "77"]
[EventDate "2022.06.05"]
[EventType "swiss"]
[EventRounds "9"]
[EventCountry "GER"]
[SourceTitle "playchess.com"]
[Source "ChessBase"]
[SourceQuality "1"]
[TimeControl "40/4500+30:900+30"]

1. e4 c5 2. Nf3 d6 3. d4 cxd4 4. Nxd4 Nf6 5. Nc3 a6 6. h3 e5 {[%emt 0:00:00] The main line 6...e5 scores better than 6...e6.} 7. Nde2 h5 {[%emt 0:00:00] B90: Sicilian Najdorf: Unusual White 6th moves, 6 Be3 Ng4 and 6 Be3 e5.} 8. Bg5 Be6 9. Bxf6 Qxf6 {[%emt 0:00:00] The position is equal.} 10. Nd5 Qd8 11. Qd3 Nd7 12. O-O-O Nc5 13. Qa3 g6 14. Nec3 {[%emt 0:00:00] [#]} Bg7 $146 ({Predecessor:} 14... Bh6+ 15. Kb1 O-O 16. h4 Bxd5 17. Rxd5 b5 18. Be2 Qb6 19. Qb4 Rfb8 20. Rhd1 Qc7 {½-½ (48) Maksimovic,B (2352)-Bjerre,J (2516) Bratislava 2019}) 15. h4 O-O 16. f3 f5 17. Be2 f4 18. b4 Nd7 19. Bc4 Bf7 20. Bb3 b5 (20... Rc8 $11) 21. Qa5 $16 {[%emt 0:02:29] Black must now prevent Qxd8. White is more active.} Nc5 22. Qxd8 $18 Nxb3+ 23. axb3 Rfxd8 24. Kb2 Ra7 (24... Bxd5 $16 {was necessary.} 25. Nxd5 Kf7) 25. Ra1 Bxd5 26. Nxd5 ({Not} 26. exd5 $2 e4 27. fxe4 Rc8 $19) 26... Rc8 $2 {[%emt 0:01:24] [#]} (26... Kf7 {keeps fighting.} 27. Ra5 Bf6) 27. Ra5 Rc6 (27... Kf7 {was worth a try.} 28. Rha1 Rb7 29. Rxa6 Bf8) 28. Rha1 {[%emt 0:00:12] White is clearly winning.} Kf7 29. Rxb5 Bf6 30. Rb8 Rd7 31. c4 Bxh4 32. b5 axb5 33. cxb5 Rc5 34. b4 Rxd5 35. exd5 {[%emt 0:00:01] [#] And now b6 would win.} e4 {[%emt 0:00:07] aiming for ...Bf6+.} 36. Kb3 {[%emt 0:06:00] Threatens to win with b6.} e3 37. b6 Bd8 38. b7 Kf6 39. Rc8 {[%emt 0:03:06] Weighted Error Value: White=0.05 (flawless) /Black=0.32} 1-0

[Event "GER-ch Youth-U18 2022"]
[Site "Willingen"]
[Date "2022.06.05"]
[Round "2.10"]
[White "Haack, Kevin"]
[Black "Zackrisson, Peter"]
[Result "1-0"]
[ECO "A15"]
[WhiteElo "2176"]
[BlackElo "2015"]
[Annotator "TA"]
[PlyCount "47"]
[EventDate "2022.06.05"]
[EventType "swiss"]
[EventRounds "9"]
[EventCountry "GER"]
[SourceTitle "playchess.com"]
[Source "ChessBase"]
[SourceQuality "1"]
[TimeControl "40/4500+30:900+30"]

1. c4 Nf6 2. g3 g6 3. Bg2 Bg7 4. Nc3 O-O 5. e3 d6 6. Nge2 e5 7. O-O Nc6 8. d4 exd4 9. exd4 Bf5 10. h3 {[%emt 0:00:00] E61: King's Indian: Early deviations for White, including Smyslov System.} Re8 11. g4 Bc8 12. Bg5 {[%emt 0:00:00][%cal Bc1g5,Bg5h4,Bh4g3][%mdl 32] White is slightly better.} h6 13. Bh4 {[%emt 0:00:00] [#]} g5 $146 (13... Ne7 $1 $11 {remains equal.}) ({Predecessor:} 13... Qd7 14. Qd2 Nxg4 15. hxg4 Qxg4 16. Bg3 Nxd4 17. Nxd4 Bxd4 18. Rad1 Be5 19. Nd5 Be6 20. Nxc7 Bxc4 21. Rfe1 {1-0 (21) Koth,S-Sziraki,T (2255) Balatonbereny 1995}) 14. Bg3 $16 h5 {[%emt 0:00:54] [#]} 15. f4 $1 hxg4 {[%emt 0:19:11] Strongly threatening ...Nh5.} 16. fxg5 Nh7 (16... Nh5 $16) 17. h4 $18 Ne7 (17... Nxg5 $142 18. hxg5 Qxg5) 18. Qd3 c6 {[%emt 0:02:02] [#]} (18... f5 {keeps fighting.} 19. Nf4 c6) 19. Rxf7 $3 {[%emt 0:07:29][%mdl 512] White is clearly winning.} Kxf7 (19... Be6 20. Rf2) 20. Qxh7 {[%emt 0:00:04] Threatens to win with Rf1+.} Rg8 21. Qh5+ Kf8 22. Rf1+ Bf5 23. Be4 Rh8 24. Qxg4 {[%emt 0:00:04] White took control after the opening.  Weighted Error Value: White=0.02 (flawless) /Black=0.71} 1-0

[Event "GER-ch Youth-U18 2022"]
[Site "Willingen"]
[Date "2022.06.05"]
[Round "2.11"]
[White "Dahl, Christoph"]
[Black "Dietlmeier, Tobias"]
[Result "1-0"]
[ECO "B78"]
[WhiteElo "2368"]
[BlackElo "1886"]
[Annotator "TA"]
[PlyCount "50"]
[EventDate "2022.06.05"]
[EventType "swiss"]
[EventRounds "9"]
[EventCountry "GER"]
[SourceTitle "playchess.com"]
[Source "ChessBase"]
[SourceQuality "1"]
[TimeControl "40/4500+30:900+30"]

1. e4 c5 2. Nf3 d6 3. d4 cxd4 4. Nxd4 Nf6 5. Nc3 g6 6. Be3 Bg7 7. f3 O-O 8. Qd2 Nc6 9. Bc4 Bd7 10. O-O-O Rc8 11. Bb3 Ne5 {[%emt 0:01:10] 11...Ne5 was played by the boomers.} 12. Kb1 Qa5 (12... a6 $14 {feels stronger.}) 13. Nd5 $16 {[%emt 0:00:00] B78: Sicilian Dragon: Yugoslav Attack, 9 Bc4 Bd7 10 0-0-0 Rc8.} Qd8 14. Bh6 Nxd5 15. exd5 {[%emt 0:02:49] White is better.} Nc4 16. Bxc4 {[%emt 0:00:15] [#]} Bxh6 $146 ({Predecessor:} 16... Rxc4 17. Bxg7 Kxg7 18. h4 h5 19. g4 Rh8 20. Qf4 b5 21. b3 Rc5 22. Qe4 a5 {1-0 (48) Mosquera,M (2372)-Remicio Duque,J (2216) San Andres Islas 2008}) 17. Qxh6 Rxc4 18. h4 {[%emt 0:02:57] And now h5 would win. White is more active.} e5 19. dxe6 $1 Bxe6 {[%emt 0:04:16] Loses the game.} (19... fxe6 $16 {might work better.} 20. h5 Qf6) 20. Nxe6 fxe6 21. h5 $40 {[%emt 0:00:07][%mdl 128] White has strong attack.} Qf6 22. hxg6 ({Much less strong is} 22. Rxd6 $6 Rh4 23. Re1 (23. Rxh4 Qxh4 24. Rxe6 Qh1+ 25. Qc1 Qxh5 $16) 23... Rxh5) 22... Qxg6 23. Qxg6+ ({Not} 23. Rxd6 Qxh6 24. Rxh6 Rg4 $16) 23... hxg6 24. Rxd6 Rc6 25. Rd7 Rfc8 {[%emt 0:02:04] Weighted Error Value: White=0.00 (flawless) /Black=0.32} 1-0

[Event "GER-ch Youth-U18 2022"]
[Site "Willingen"]
[Date "2022.06.05"]
[Round "2.12"]
[White "Jeschke, Jan"]
[Black "Wehrle, Maximilian"]
[Result "1/2-1/2"]
[ECO "B21"]
[WhiteElo "2130"]
[BlackElo "1786"]
[Annotator "TA"]
[PlyCount "42"]
[EventDate "2022.06.05"]
[EventType "swiss"]
[EventRounds "9"]
[EventCountry "GER"]
[SourceTitle "playchess.com"]
[Source "ChessBase"]
[SourceQuality "1"]
[TimeControl "40/4500+30:900+30"]

1. e4 c5 2. d4 cxd4 3. c3 dxc3 4. Nxc3 e6 5. Nf3 a6 6. Bc4 b5 7. Bb3 Bb7 8. O-O {[%emt 0:00:00] The modern move.} Nc6 9. Nd5 {[%emt 0:00:00][%cal Oc1e3] [#] B21: Sicilian: 2 f4 and Morra Gambit.} Bd6 $146 ({Resist} 9... exd5 10. exd5 Nf6 11. dxc6 dxc6 12. Ng5 Qxd1 13. Bxf7+ (13. Rxd1 Nd5 $11) 13... Ke7 14. Rxd1 $16) ({Predecessor:} 9... Na5 10. Bg5 Be7 11. Nxe7 Nxe7 12. Bc2 f6 13. Bd2 Nc4 14. Bc3 Rc8 15. a4 O-O 16. Nd2 Nb6 17. axb5 axb5 {½-½ (27) Mcdaniel,C (2178)-Morcin,T (2097) LSS email 2021}) 10. Bg5 f6 11. Bh4 exd5 $17 ({Not} 11... g5 12. Ne3 $15 (12. Nxg5 fxg5 13. Qh5+ Kf8 $11)) 12. exd5 $2 {[%emt 0:07:45] [#]} (12. Qxd5 $17 Qe7 13. Rfd1) 12... Na5 $19 13. Nd4 Ne7 {[%emt 0:02:22] Inhibits Nf5.} 14. Qh5+ Kf8 15. Rfe1 Nxb3 16. axb3 Bxd5 17. Bxf6 $2 {[%emt 0:06:27] [#]} (17. Rxe7 {was the only defense.} Qxe7 18. Qxd5) 17... gxf6 18. Qh6+ Kf7 19. Qh5+ Kf8 20. Qh6+ Kf7 21. Qh5+ $1 Kf8 $2 {White did not feel at home in the position after the opening.  Weighted Error Value: White=0.46/Black=0.76} (21... Kg8 $19 22. Rxe7 Bxe7 23. Qxd5+ Kf8) 1/2-1/2